 Dungeon Crawl Stone Soup version 0.29.0 (webtiles) character file.

Game seed: 9626337865758647026

46 gelatine the Firebug (level 3, 0/25 HPs)
             Began as a Demonspawn Fire Elementalist on Aug 24, 2022.
             Killed from afar by a dart slug (5 damage)
             ... with a slug dart
             ... on level 2 of the Dungeon.
             The game lasted 00:05:02 (2489 turns).

gelatine the Firebug (Demonspawn Fire Elementalist) Turns: 2489, Time: 00:05:03

Health: 0/25       AC:  2    Str:  8    XL:     3   Next: 44%
Magic:  6/6        EV: 12    Int: 18    God:
Gold:   43         SH:  0    Dex: 13    Spells: 4/7 levels left

rFire   + . .      SeeInvis .   d - +0 short sword
rCold   + . .      Faith    .   (no shield)
rNeg    . . .      Spirit   .   a - +0 robe
rPois   +          Reflect  .   (no helmet)
rElec   +          Harm     .   (no cloak)
rCorr   +          Rampage  .   (no gloves)
Will    .....                   (no boots)
Stlth   +.........              (no amulet)
HPRegen 0.08/turn               h - ring of wizardry
MPRegen 0.10/turn               j - ring of wizardry

@: confused, mighty, brilliant, resistant, attractive
A: weakness stinger 1
a: no special abilities


You were on level 2 of the Dungeon.
You visited 1 branch of the dungeon, and saw 2 of its levels.

You collected 43 gold pieces.

Inventory:

Hand Weapons
 d - a +0 short sword (weapon)
Armour
 a - a +0 robe (worn)
Jewellery
 h - a ring of wizardry (left hand)
 j - a ring of wizardry (right hand)
 n - a ring of see invisible
Scrolls
 f - a scroll of identify {unknown}
 i - a scroll of brand weapon {unknown}
 l - a scroll of silence {unknown}
 o - a scroll of vulnerability {unknown}
Potions
 b - a potion of magic
 k - a potion of attraction


   Skills:
 * Level 0.7 Fighting
 + Level 0.2 Short Blades
 + Level 1.9 Dodging
 + Level 1.9 Stealth
 + Level 2.5 Spellcasting
 + Level 1.2 Conjurations
 + Level 3.3 Fire Magic


You had 4 spell levels left.
You knew the following spells:

 Your Spells              Type           Power      Damage    Failure   Level
a - Foxfire               Conj/Fire      60%        2x1d7     1%          1
b - Scorch                Fire           42%        2d7       1%          2

Your spell library contained the following spells:

 Spells                   Type           Power      Damage    Failure   Level
 Conjure Flame            Conj/Fire      15%        6-21      5%          3
 Inner Flame              Hex/Fire       12%        N/A       7%          3
 Flame Wave               Conj/Fire      15%        2d7       17%         4


Dungeon Overview and Level Annotations

Branches:
Dungeon (2/15)

Altars:

Annotations:
D:2 Sigmund, Terence


Innate Abilities, Weirdness & Mutations

You have a small tail.


Message History

You feel clever all of a sudden. Sigmund hits you with a +0 scythe!
The dart slug misses you.
It was a potion of resistance.
You feel protected.
Okay, then.
You bump into the rock wall.
Sigmund closely misses you. The dart slug bites you.
You bump into the rock wall.
Sigmund casts a spell at you.
You are more confused.
The dart slug launches a dart at you. The slug dart hits you.
You puncture Sigmund!
Your tail-slap misses Sigmund.
Sigmund is heavily wounded.
Sigmund points at you and mumbles some strange words.
You are more confused.
The dart slug closely misses you.
You are too confused!
You puncture Sigmund! You tail-slap Sigmund.
Sigmund is almost dead.
Sigmund misses you.
You closely miss Sigmund.
Sigmund is almost dead.
The dart slug closely misses you.
Sigmund mumbles some strange words.
Sigmund flickers and vanishes!
Deactivating autopickup; reactivate with Ctrl-A.
You miss something. The dart slug launches a dart at you.
The slug dart hits you.
You hear some strange, mumbled words.
You are more confused.
You closely miss something.
You hear a zap.
A puff of flame appears from out of thin air!
The puff of flame hits you. You resist.
* * * LOW HITPOINT WARNING * * *
The dart slug launches a dart at you. The slug dart hits you.
You die...

.... .... #..#
. #... ..
######..## .##
......... (...
......w.##...##
#@{......
#.##.##..
#.##.##..
##........
#<........
##.#####.. #.#
#.# #.#


You could see a dart slug.

Vanquished Creatures
  An adder (D:2)
  A worm (D:2)
  2 endoplasms (D:1)
  A giant cockroach (D:2)
  4 goblins
  7 hobgoblins
  3 kobolds (D:1)
  4 ball pythons (D:1)
  A bat (D:1)
  A frilled lizard (D:1)
  7 rats
  A spectral goblin (D:2)
33 creatures vanquished.

Vanquished Creatures (others)
  118 foxfires
118 creatures vanquished.

Grand Total: 151 creatures vanquished

Notes
Turn   | Place    | Note
-------+----------+-------------------------------------------
     0 | D:1      | gelatine the Demonspawn Fire Elementalist began the quest
                  | for the Orb.
     0 | D:1      | Reached XP level 1. HP: 13/13 MP: 3/3
   399 | D:1      | Reached skill level 3 in Fire Magic
   511 | D:1      | Gained mutation: You have a small tail. [demonic ancestry]
   511 | D:1      | Reached XP level 2. HP: 19/19 MP: 1/5
   816 | D:1      | Learned a level 2 spell: Scorch
  1711 | D:2      | Reached XP level 3. HP: 22/25 MP: 1/6
  2106 | D:2      | Found a faded altar of an unknown god.
  2125 | D:2      | Noticed Terence
  2477 | D:2      | Noticed Sigmund
  2489 | D:2      | Killed from afar by a dart slug

Illustrated notes

Levels and vault maps discovered:
D:1:      dpeg_arrival_renting, layout_loops_corners
D:2:      layout_basic, dreamdust_ecumenical_altar_drowned_temple,
          uniq_crazy_yiuf_cottage, uniq_terence, uniq_sigmund

Skill      XL: |  1 |
---------------+----+-----
Fire Magic     | 3 |  3.3
Fighting       | |  0.7
Short Blades   | |  0.2
Dodging        | |  1.9
Stealth        | |  1.9
Spellcasting   | |  2.5
Conjurations   | |  1.2

Action                   || total
-------------------------++-------
Melee: Short sword       ||    34
       Unarmed           ||     1
       Tailslap          ||     1
 Cast: Foxfire           ||    86
  Use: Potion            ||     4
       Scroll            ||     1
Armor: Robe              ||     5
Dodge: Dodged            ||    37
